 Dungeon Crawl Stone Soup version 0.26-a0-851-g735459dd53 (console) character file.

Game seed: 5889777086805518775

(classic levelgen) 39 Duffy the Conjurer (level 3, 0/28 HPs)
             Began as a Naga Fire Elementalist on Nov 21, 2020.
             Slain by a gnoll
             ... wielding a +1 spear of freezing
              (4 damage)
             ... on level 2 of the Dungeon.
             The game lasted 00:01:03 (1459 turns).

Duffy the Conjurer (Naga Fire Elementalist)         Turns: 1459, Time: 00:01:03

Health: 0/28       AC:  2    Str: 10    XL:     3   Next: 47%
Magic:  3/6        EV: 10    Int: 16    God:
Gold:   38         SH:  0    Dex: 11    Spells: 5/6 levels left

rFire    . . .     SeeInvis +   c - +0 flail
rCold    . . .     Faith    .   (no shield)
rNeg     . . .     Spirit   .   a - +0 robe
rPois    +         Reflect  .   (no helmet)
rElec    .         Harm     .   (no cloak)
rCorr    .         Rampage  .   (no gloves)
MR       .....                  (no barding)
Stlth    ++........             f - amulet of the acrobat
HPRegen  0.09/turn              h - ring of poison resistance
MPRegen  0.10/turn              (no ring)

@: short of breath, very slow
A: large, see invisible, deformed body, poison resistance, slowness 2, spit
poison 1, AC +1
a: Spit Poison


You were on level 2 of the Dungeon.
You visited 1 branch of the dungeon, and saw 2 of its levels.

You collected 38 gold pieces.

Inventory:

Hand Weapons
 c - a +0 flail (weapon)
Armour
 a - a +0 robe (worn)
Jewellery
 f - an amulet of the acrobat (around neck)
 h - a ring of poison resistance (left hand)
Scrolls
 b - a scroll of enchant weapon {unknown}
 g - a scroll of teleportation {unknown}
Potions
 d - a potion of cancellation {unknown}
 e - a potion of heal wounds {unknown}


   Skills:
 - Level 1.5 Dodging
 - Level 3.0 Stealth
 + Level 2.1 Spellcasting
 + Level 3.1 Conjurations
 + Level 3.1 Fire Magic


You had 5 spell levels left.
You knew the following spells:

 Your Spells              Type           Power        Failure   Level
h - Foxfire               Conj/Fire      ##..         6%          1

Your spell library contained the following spells:

 Spells                   Type           Power        Failure   Level
 Conjure Flame            Conj/Fire      ##......     17%         3
 Inner Flame              Hex/Fire       #.......     32%         3
 Sticky Flame             Conj/Fire      ##......     50%         4
 Fireball                 Conj/Fire      ##........   85%         5


Dungeon Overview and Level Annotations

Branches:
Dungeon (2/15)

Altars:


Innate Abilities, Weirdness & Mutations

You cannot wear boots.
Your serpentine skin is tough. (AC +1)
You have supernaturally acute eyesight. (SInv)
Armour fits poorly on your strangely shaped body.
Your system is resistant to poisons. (rPois)
You cover ground very slowly.
You can spit poison.


Message History

The gnoll hits you but does no damage.
Cast which spell? (? or * to list)
You conjure some foxfire!
The gnoll hits you from afar with a +1 spear of freezing!
The gnoll freezes you.
Unknown command.
Cast which spell? (? or * to list)
You conjure some foxfire!
The foxfire hits the gnoll.
The gnoll is almost dead.
The gnoll hits you from afar with a +1 spear of freezing.
The gnoll freezes you.
Unknown command.
Cast which spell? (? or * to list)
You conjure some foxfire!
The foxfire hits the gnoll but does no damage.
The gnoll is almost dead.
The gnoll hits you from afar with a +1 spear of freezing!
* * * LOW HITPOINT WARNING * * *
The gnoll freezes you.
You die...

# #. #.####
#....#
###...###
#.......#
#.......#
#...000.#
###vv@###
#.vv# #g### #
#g######## .#
#....gg..#
########.#
########.#
#......#.#
#.###.#......#
#.g.g...##....
#####.####.###


You could see 2 gnolls.

Vanquished Creatures
  A gnoll (D:1)
  2 oozes (D:1)
  4 goblins (D:1)
  3 hobgoblins (D:1)
  2 bats (D:1)
  5 kobolds (D:1)
  4 rats (D:1)
21 creatures vanquished.

Vanquished Creatures (others)
  106 foxfires
106 creatures vanquished.

Grand Total: 127 creatures vanquished

Notes
Turn   | Place    | Note
-------+----------+-------------------------------------------
     0 | D:1      | Duffy the Naga Fire Elementalist began the quest for the
                  | Orb.
     0 | D:1      | Reached XP level 1. HP: 15/15 MP: 3/3
    75 | D:1      | Reached XP level 2. HP: 22/22 MP: 0/5
   545 | D:1      | Reached XP level 3. HP: 28/28 MP: 0/6
  1459 | D:2      | Slain by a gnoll

Illustrated notes

Levels and vault maps discovered:
D:1:      scummos_arrival_hexagon, layout_basic
D:2:      layout_loops_cross, kennysheep_generic_room_2

Skill      XL: |  1  2  3 |
---------------+----------+-----
Conjurations   | 2 3 |  3.1
Dodging        | |  1.5
Stealth        | |  3.0
Spellcasting   | |  2.1
Fire Magic     | |  3.1

Action                   || total
-------------------------++-------
Melee: Flail             ||     4
 Cast: Foxfire           ||    64
 Abil: Spit Poison       ||     4
 Stab: Sleeping          ||     1
Armor: Robe              ||     4
Dodge: Dodged            ||    16

Table legend: (Time is in decaauts)
 A = Elapsed time spent in this place.
 B = Non-inter-level travel time spent in this place.
 C = Inter-level travel time spent in this place.
 D = Time resting spent in this place.
 E = Time spent auto-exploring this place.
 F = Levels seen in this place.
 G = Mean time per level.
                   A        B        C        D        E       F      G
               +--------+--------+--------+--------+--------+-----+--------+
         Total |   1732 |   1651 |     81 |      0 |   1481 |   2 |  866.0 |
       Dungeon |   1732 |   1651 |     81 |      0 |   1481 |   2 |  866.0 |
               +--------+--------+--------+--------+--------+-----+--------+

Top non-repeatable levels by time:
     D:1: 1667 daAuts
     D:2: 65 daAuts
